[Event "*** SCC Grand Prix: Titled Tuesday Blitz"]
[Site "Chess.com"]
[Date "2020.09.29"]
[Round "1"]
[White "Egorov_Pavel"]
[Black "Infernal_XaM"]
[Result "1-0"]
[WhiteElo "2439"]
[BlackElo "2841"]
[TimeControl "180+1"]
[EndTime "10:01:26 PDT"]
[Termination "Egorov_Pavel won by resignation"]

1. d4 Nf6 2. c4 e6 3. Nc3 Bb4 4. e3 b6 5. Nf3 Bxc3+ 6. bxc3 Bb7 7. Bd3 O-O 8. O-O c5 9. Re1 d6 10. e4 Nc6 11. e5 dxe5 12. dxe5 Nd7 13. Bxh7+ Kxh7 14. Ng5+ Kg6 15. Qd3+ 1-0

[Event "*** SCC Grand Prix: Titled Tuesday Blitz"]
[Site "Chess.com"]
[Date "2020.09.29"]
[Round "1"]
[White "m_ezat"]
[Black "aa175"]
[Result "1-0"]
[WhiteElo "2622"]
[BlackElo "2303"]
[TimeControl "180+1"]
[EndTime "10:01:33 PDT"]
[Termination "m_ezat won by resignation"]

1. d4 e5 2. dxe5 Nc6 3. Nf3 Qe7 4. Nc3 Nxe5 5. e4 Nf6 6. Bg5 h6 7. Nd5 Nxf3+ 8. Qxf3 hxg5 9. Nxe7 Bxe7 10. e5 Nh5 11.
O-O-O O-O 12. Qxh5 1-0

[Event "*** SCC Grand Prix: Titled Tuesday Blitz"]
[Site "Chess.com"]
[Date "2020.09.29"]
[Round "1"]
[White "ailime26"]
[Black "bazar-wokzal"]
[Result "0-1"]
[WhiteElo "1852"]
[BlackElo "2460"]
[TimeControl "180+1"]
[EndTime "10:02:27 PDT"]
[Termination "bazar-wokzal won by resignation"]

1. e4 Nc6 2. Nf3 d5 3. exd5 Qxd5 4. Nc3 Qa5 5. d4 Bg4 6. Be2 O-O-O 7. O-O Bxf3 8. Bxf3 Nxd4 9. Bg4+ f5 10. Bf3 e5 11.
Bg5 Nf6 12. Bxf6 gxf6 13. Bd5 Bb4 14. Bb3 Nxb3 0-1

[Event "*** SCC Grand Prix: Titled Tuesday Blitz"]
[Site "Chess.com"]
[Date "2020.09.29"]
[Round "1"]
[White "winniethepooh04"]
[Black "Vlad_Lukiianchuk"]
[Result "0-1"]
[WhiteElo "2198"]
[BlackElo "2527"]
[TimeControl "180+1"]
[EndTime "10:02:30 PDT"]
[Termination "Vlad_Lukiianchuk won by resignation"]

1. d4 Nf6 2. Nf3 e6 3. Bf4 d5 4. e3 c5 5. c3 Bd6 6. Bg3 Qc7 7. Nbd2 Nbd7 8. Bd3 O-O 9. O-O e5 10. dxe5 Nxe5 11.
Nxe5 Bxe5 12. e4 Bxg3 13. hxg3 Rd8 14. exd5 Rxd5 15. Qc2 Qd8 16. Ne4 Rxd3 17. Nxf6+ gxf6 18. Rad1 Bf5 0-1

[Event "*** SCC Grand Prix: Titled Tuesday Blitz"]
[Site "Chess.com"]
[Date "2020.09.29"]
[Round "1"]
[White "deribas12345"]
[Black "Lysiak_Poltorak"]
[Result "1-0"]
[WhiteElo "2649"]
[BlackElo "2325"]
[TimeControl "180+1"]
[EndTime "10:02:47 PDT"]
[Termination "deribas12345 won by resignation"]

1. d4 Nf6 2. c4 g6 3. Nc3 d5 4. Bg5 Ne4 5. Bh4 Bg7 6. Nf3 c5 7. e3 O-O 8. Nxd5 Qa5+ 9. b4 cxb4 10. Bxe7 b3+ 11. Bb4 Qd8 12. Bxf8 b2 13. Rb1 Bxf8 14. Bd3 Qa5+ 15. Kf1 Bf5 16. Bxe4 Bxe4 17. Nf6+ 1-0

[Event "*** SCC Grand Prix: Titled Tuesday Blitz"]
[Site "Chess.com"]
[Date "2020.09.29"]
[Round "1"]
[White "chessmadara"]
[Black "SARGISMV"]
[Result "0-1"]
[WhiteElo "2086"]
[BlackElo "2496"]
[TimeControl "180+1"]
[EndTime "10:02:47 PDT"]
[Termination "SARGISMV won by resignation"]

1. e4 e6 2. d4 d5 3. Nc3 Bb4 4. e5 c5 5. Bd2 Ne7 6. a3 Bxc3 7. bxc3 Nbc6 8. Qg4 O-O 9. Bd3 c4 10. Bh6 Ng6 11.
Bxg6 fxg6 12. Ne2 gxh6 0-1

[Event "*** SCC Grand Prix: Titled Tuesday Blitz"]
[Site "Chess.com"]
[Date "2020.09.29"]
[Round "1"]
[White "tsvet2005"]
[Black "ChronicUnhappiness"]
[Result "1-0"]
[WhiteElo "2638"]
[BlackElo "2313"]
[TimeControl "180+1"]
[EndTime "10:02:49 PDT"]
[Termination "tsvet2005 won by resignation"]

1. d4 d5 2. c4 e6 3. Nc3 Bb4 4. e3 Nf6 5. a3 Bxc3+ 6. bxc3 c5 7. cxd5 exd5 8. Bd3 O-O 9. Ne2 b6 10. O-O Ba6 11. Ng3 Bxd3 12. Qxd3 Nc6 13. f3 Rc8 14.
Bb2 Qc7 15. e4 cxd4 16. cxd4 Na5 17. e5 Qc2 18. Qb5 Ne8 19. Rac1 1-0

[Event "*** SCC Grand Prix: Titled Tuesday Blitz"]
[Site "Chess.com"]
[Date "2020.09.29"]
[Round "1"]
[White "FMJoseHerrera"]
[Black "picturesquecheck"]
[Result "1-0"]
[WhiteElo "2531"]
[BlackElo "2201"]
[TimeControl "180+1"]
[EndTime "10:03:08 PDT"]
[Termination "FMJoseHerrera won by resignation"]

1. Nf3 c5 2. g3 Nc6 3. Bg2 g6 4. d3 Bg7 5. Nc3 Nf6 6. h4 O-O 7. h5 d5 8. hxg6 hxg6 9. Bh6 Bxh6 10. Rxh6 Kg7 11. Qd2 Rh8 12. Rxh8 Qxh8 13. O-O-O Qh6 14. Ng5 Nh7 15. Rh1 Nxg5 16. Rxh6 Kxh6 17. Nxd5 f6 18.
Qe3 Be6 19. Nf4 Bf5 20. Bxc6 bxc6 21. Qxe7 1-0

[Event "*** SCC Grand Prix: Titled Tuesday Blitz"]
[Site "Chess.com"]
[Date "2020.09.29"]
[Round "1"]
[White "lacafi"]
[Black "zajka-molotok"]
[Result "0-1"]
[WhiteElo "2101"]
[BlackElo "2500"]
[TimeControl "180+1"]
[EndTime "10:03:10 PDT"]
[Termination "zajka-molotok won by resignation"]

1. d4 e6 2. Nf3 Nf6 3. e3 d5 4.
Bd3 Bd6 5. Nbd2 O-O 6. Qe2 Nbd7 7. O-O c5 8. c3 e5 9. dxe5 Nxe5 10.
Nxe5 Bxe5 11. f4 Bc7 12. e4 Bg4 13. Qe3 c4 14. Qg3 cxd3 15. e5 Bb6+ 16. Kh1 Ne4 17. Nxe4 dxe4 18. Qxg4 d2 0-1

[Event "*** SCC Grand Prix: Titled Tuesday Blitz"]
[Site "Chess.com"]
[Date "2020.09.29"]
[Round "1"]
[White "MomchilPetkov"]
[Black "Sacbutt"]
[Result "1-0"]
[WhiteElo "2591"]
[BlackElo "2285"]
[TimeControl "180+1"]
[EndTime "10:03:12 PDT"]
[Termination "MomchilPetkov won by resignation"]

1. e4 c5 2. Nf3 d6 3. d4 cxd4 4. Nxd4 Nf6 5. Nc3 a6 6. Bg5 e6 7. f4 Be7 8. Qf3 Nbd7 9. O-O-O Qc7 10. g4 b5 11. Bxf6 Nxf6 12. g5 Nd7 13. f5 O-O 14. Qh5 Ne5 15. Rg1 g6 16. Qh6 exf5 17. Nd5 Qd8 18. exf5 Bxf5 19. Nxf5 1-0

[Event "*** SCC Grand Prix: Titled Tuesday Blitz"]
[Site "Chess.com"]
[Date "2020.09.29"]
[Round "1"]
[White "PawnEatingZombie"]
[Black "manitodeplomo"]
[Result "0-1"]
[WhiteElo "2236"]
[BlackElo "2558"]
[TimeControl "180+1"]
[EndTime "10:03:14 PDT"]
[Termination "manitodeplomo won by resignation"]

1. d4 d5 2. c4 c6 3. Nc3 dxc4 4. e3 b5 5. a4 b4 6. Ne4 e6 7. Bxc4 Nd7 8. Nf3 Ngf6 9. Nxf6+ Nxf6 10. O-O Be7 11. Qe2 O-O 12. Rd1 Bb7 13. e4 c5 14.
Bg5 Nxe4 15. dxc5 Qc7 16. Bxe7 Qxe7 17. a5 Nxc5 18. a6 Bxf3 19. Qxf3 Rac8 20. h3 Rfd8 21. Qb7 Nxb7 0-1

[Event "*** SCC Grand Prix: Titled Tuesday Blitz"]
[Site "Chess.com"]
[Date "2020.09.29"]
[Round "1"]
[White "FMalexhdez"]
[Black "Fh2411"]
[Result "1-0"]
[WhiteElo "2227"]
[BlackElo "2524"]
[TimeControl "180+1"]
[EndTime "10:03:15 PDT"]
[Termination "FMalexhdez won by resignation"]

1. e4 c5 2. Nf3 e6 3. d4 cxd4 4.
Nxd4 a6 5. c4 Nf6 6. Nc3 Bb4 7.
Qd3 Qc7 8. Nc2 Nc6 9. Nxb4 Nxb4 10. Qd1 Nxe4 11. Nxe4 Qe5 12. Qe2 d5 13. cxd5 exd5 14.
Nd6+ 1-0

[Event "*** SCC Grand Prix: Titled Tuesday Blitz"]
[Site "Chess.com"]
[Date "2020.09.29"]
[Round "1"]
[White "bratkoo"]
[Black "Jabberwockiez"]
[Result "1-0"]
[WhiteElo "2541"]
[BlackElo "2211"]
[TimeControl "180+1"]
[EndTime "10:03:26 PDT"]
[Termination "bratkoo won by resignation"]

1. e4 c5 2. Nf3 d6 3. d4 cxd4 4. Nxd4 Nf6 5. Nc3 Nc6 6. Be3 e5 7. Nf3 h6 8. Bc4 Bg4 9. h3 Bh5 10. Qe2 Nd4 11. Bxd4 exd4 12. Bb5+ Nd7 13. Nd5 Qa5+ 14.
b4 Qd8 15. g4 Bg6 16. Nxd4 Be7 17. Nf5 Bf6 18. Rd1 O-O 19. Bxd7 Qxd7 20. Nxf6+ gxf6 21. Rxd6 Qb5 22. Qxb5 1-0

[Event "*** SCC Grand Prix: Titled Tuesday Blitz"]
[Site "Chess.com"]
[Date "2020.09.29"]
[Round "1"]
[White "PlotnikovPavel"]
[Black "Berardino"]
[Result "0-1"]
[WhiteElo "2368"]
[BlackElo "2709"]
[TimeControl "180+1"]
[EndTime "10:03:27 PDT"]
[Termination "Berardino won by checkmate"]

1. e4 c5 2. Nf3 b6 3. d3 Bb7 4. Nbd2 e6 5. g3 Nf6 6. Bg2 d5 7. e5 Nfd7 8. O-O Nc6 9. Re1 Qc7 10. Qe2 Be7 11. c3 g5 12. h3 h5 13. a3 g4 14.
hxg4 hxg4 15. Nh2 Ndxe5 16. Nxg4 Nxg4 17. Qxg4 O-O-O 18. b4 Rdg8 19. Qf3 Ne5 20. Qe2 Ng4 21. Nf3 Bd6 22. bxc5 Bxg3 23. fxg3 Qxg3 24. cxb6 d4 25. bxa7 Bxf3 26. Qxf3 Rh1+ 27. Kxh1 Qh2# 0-1

[Event "*** SCC Grand Prix: Titled Tuesday Blitz"]
[Site "Chess.com"]
[Date "2020.09.29"]
[Round "1"]
[White "Goryachkina"]
[Black "Julianos82"]
[Result "1-0"]
[WhiteElo "2641"]
[BlackElo "2319"]
[TimeControl "180+1"]
[EndTime "10:03:39 PDT"]
[Termination "Goryachkina won by checkmate"]

1. e4 c5 2. Nf3 b6 3. d4 cxd4 4. Nxd4 Bb7 5. Bd3 a6 6. O-O e6 7. c4 Qc7 8. Nc3 Nc6 9. Nxc6 dxc6 10. f4 Ne7 11. Kh1 Ng6 12. f5 Ne5 13. fxe6 fxe6 14.
Bf4 Bd6 15. c5 bxc5 16. Bxe5 Bxe5 17. Bc4 Rd8 18. Qg4 Rf8 19. Qxe6+ Qe7 20. Rxf8+ Kxf8 21. Qg8# 1-0

[Event "*** SCC Grand Prix: Titled Tuesday Blitz"]
[Site "Chess.com"]
[Date "2020.09.29"]
[Round "1"]
[White "Reader777"]
[Black "krasavetc"]
[Result "1-0"]
[WhiteElo "2630"]
[BlackElo "2308"]
[TimeControl "180+1"]
[EndTime "10:03:42 PDT"]
[Termination "Reader777 won by resignation"]

1. d4 Nf6 2. c4 e6 3. g3 d5 4. Bg2 dxc4 5. Nf3 c5 6. O-O Nc6 7. dxc5 Qxd1 8. Rxd1 Bxc5 9. Nbd2 Ng4 10. e3 Nge5 11.
Ne4 Bb6 12. Nxe5 Nxe5 13. Nd6+ Ke7 14. f4 Nd3 15. Nxc4 Nxc1 16. Raxc1 Bd7 17. Nxb6 axb6 18. Rc7 Rhd8 19. Rxb7 Ke8 20. Rbxd7 1-0

[Event "*** SCC Grand Prix: Titled Tuesday Blitz"]
[Site "Chess.com"]
[Date "2020.09.29"]
[Round "1"]
[White "K_A_S_T_O_R"]
[Black "Tenamu"]
[Result "1-0"]
[WhiteElo "2711"]
[BlackElo "2370"]
[TimeControl "180+1"]
[EndTime "10:03:50 PDT"]
[Termination "K_A_S_T_O_R won by resignation"]

1. e4 e6 2. d4 d5 3. Nc3 Nf6 4. e5 Nfd7 5. Nce2 c5 6. f4 Nc6 7. c3 Qb6 8. a3 Be7 9. Nf3 cxd4 10. cxd4 f6 11. b4 O-O 12. h4 fxe5 13. fxe5 a5 14.
b5 Nd8 15. Nf4 Nf7 16. Bd3 a4 17. Qc2 g6 18. Bxg6 hxg6 19. Qxg6+ Kh8 20. Ng5 Nf6 21. exf6 Bb4+ 22. axb4 1-0

[Event "*** SCC Grand Prix: Titled Tuesday Blitz"]
[Site "Chess.com"]
[Date "2020.09.29"]
[Round "1"]
[White "Savagelittlemole"]
[Black "julinha97"]
[Result "1-0"]
[WhiteElo "2612"]
[BlackElo "2299"]
[TimeControl "180+1"]
[EndTime "10:03:50 PDT"]
[Termination "Savagelittlemole won by resignation"]

1. e4 c5 2. Ne2 Nc6 3. g3 g6 4. Bg2 Bg7 5. O-O d6 6. c3 e5 7.
d3 Nge7 8. f4 O-O 9. Nd2 f5 10.
Kh1 Be6 11. Nf3 Kh8 12. Ng5 Bg8 13. exf5 Nxf5 14. fxe5 Nxe5 15. Nf4 Qd7 16. Qc2 Ng4 17. Qe2 Nf6 18. Bd2 Rae8 19. Qf3 Bd5 20. Nxd5 1-0

[Event "*** SCC Grand Prix: Titled Tuesday Blitz"]
[Site "Chess.com"]
[Date "2020.09.29"]
[Round "1"]
[White "ikhasu"]
[Black "tigra"]
[Result "0-1"]
[WhiteElo "2415"]
[BlackElo "2835"]
[TimeControl "180+1"]
[EndTime "10:03:58 PDT"]
[Termination "tigra won by resignation"]

1. d4 Nf6 2. Bf4 d6 3. Nd2 g6 4. e4 Bg7 5. Bd3 Nc6 6. c3 e5 7. Be3 d5 8. dxe5 Nxe5 9. Bc2 O-O 10. h3 b6 11. Ne2 Ba6 12. Bd4 Nd3+ 13. Bxd3 Bxd3 14.
exd5 Re8 15. Be3 Nxd5 16. Nf1 Bxe2 17. Qxe2 Nxc3 18. Qc2 Qd4 19. Rc1 Nxa2 20. Rd1 Nb4 0-1

[Event "*** SCC Grand Prix: Titled Tuesday Blitz"]
[Site "Chess.com"]
[Date "2020.09.29"]
[Round "1"]
[White "IANOV0007"]
[Black "FearNoEvil12"]
[Result "1-0"]
[WhiteElo "2487"]
[BlackElo "2068"]
[TimeControl "180+1"]
[EndTime "10:04:07 PDT"]
[Termination "IANOV0007 won by resignation"]

1. Nf3 b5 2. g3 a6 3. Bg2 Bb7 4. O-O Nf6 5. b3 e6 6. c4 d6 7. Bb2 Nbd7 8. Na3 b4 9. Nc2 a5 10. a3 c5 11. d4 Be7 12. d5 e5 13. a4 O-O 14. Nh4 Bc8 15. Nf5 g6 16. Nxe7+ Qxe7 17. e4 Ne8 18. Ne3 Ng7 19. Qd3 f6 20. Rae1 Qf7 21. f4 f5 22. fxe5 Nxe5 23. Bxe5 dxe5 24. Ng4 Qe7 25. exf5 Bxf5 26. Nh6+ Kh8 27. Nxf5 Nxf5 28. d6 Qxd6 29. Qxd6 Nxd6 30. Bxa8 Rxa8 31. Rxe5 Rc8 32.
g4 Kg7 33. Re7+ Kh6 34. h4 Rh8 35. Rf6 Ne8 36. Rc6 1-0

[Event "*** SCC Grand Prix: Titled Tuesday Blitz"]
[Site "Chess.com"]
[Date "2020.09.29"]
[Round "1"]
[White "WiktoriaPOL"]
[Black "jerry_77"]
[Result "0-1"]
[WhiteElo "2055"]
[BlackElo "2484"]
[TimeControl "180+1"]
[EndTime "10:04:07 PDT"]
[Termination "jerry_77 won by resignation"]

1. c4 Nf6 2. Nc3 e6 3. e4 d5 4.
e5 d4 5. exf6 dxc3 6. bxc3 Qxf6 7.
Nf3 c5 8. d4 h6 9. Be3 Nc6 10.
Be2 cxd4 11. cxd4 Bb4+ 12. Bd2 Bxd2+ 13. Qxd2 O-O 14. O-O Rd8 15. Rfd1 b6 16. Qe3 Bb7 17.
Ne5 Nxe5 18. dxe5 Qg6 19. Bf3 Bxf3 20. Qxf3 Qc2 21. Rxd8+ Rxd8 22. Qb3 Qe2 23. f4 Rd2 24. Qf3 Qxc4 25. Qe3 Rd4 26. Rc1 Qd5 27. Rc8+ Kh7 28. h3 Rd2 29. Qg3 Rd3 30. Qf2 Rd2 31. Qg3 Qd4+ 32.
Kh2 Rd1 33. Qb3 Qxf4+ 34. Qg3 Rh1+ 0-1

[Event "*** SCC Grand Prix: Titled Tuesday Blitz"]
[Site "Chess.com"]
[Date "2020.09.29"]
[Round "1"]
[White "Mikhail_Golubev"]
[Black "shriyanasmallya"]
[Result "1-0"]
[WhiteElo "2459"]
[BlackElo "1591"]
[TimeControl "180+1"]
[EndTime "10:04:09 PDT"]
[Termination "Mikhail_Golubev won by checkmate"]

1. e4 e5 2. Nf3 Nc6 3. Nc3 Bc5 4. Nxe5 Bxf2+ 5. Kxf2 Nxe5 6. d4 Qh4+ 7. g3 Qf6+ 8.
Kg2 Ng6 9. Bc4 d6 10. Rf1 Qe7 11. Bxf7+ Kd8 12. Nd5 Qxe4+ 13. Kg1 Bh3 14. Rf2 c6 15. Bg5+ Kd7 16. Nc3 Qg4 17. Qxg4+ Bxg4 18. Bxg6 hxg6 19. Rf7+ Ke6 20. Rxg7 d5 21. Re1+ Kd6 22. Bf4# 1-0

[Event "*** SCC Grand Prix: Titled Tuesday Blitz"]
[Site "Chess.com"]
[Date "2020.09.29"]
[Round "1"]
[White "Joshukid"]
[Black "kidagent"]
[Result "1-0"]
[WhiteElo "2578"]
[BlackElo "2277"]
[TimeControl "180+1"]
[EndTime "10:04:13 PDT"]
[Termination "Joshukid won by resignation"]

1. Nf3 Nf6 2. c4 c6 3. g3 d5 4. Bg2 Bf5 5. O-O e6 6. d3 Be7 7. cxd5 exd5 8. Nc3 O-O 9. Qb3 Qb6 10. Qc2 Nbd7 11. e4 dxe4 12. dxe4 Bg6 13. Be3 Qb4 14.
Nh4 Ng4 15. Nxg6 hxg6 16. Bd2 Qb6 17. h3 Nge5 18. Be3 Qa6 19. b3 Bf6 20. f4 Nd3 21. e5 Be7 22. a3 Bc5 23. Bxc5 N3xc5 24. Kh2 Ne6 25. Ne4 Ndc5 26. Nxc5 Nxc5 27. Qxc5 1-0

[Event "*** SCC Grand Prix: Titled Tuesday Blitz"]
[Site "Chess.com"]
[Date "2020.09.29"]
[Round "1"]
[White "goldenpuppy"]
[Black "RobertoJBM"]
[Result "1-0"]
[WhiteElo "2390"]
[BlackElo "2709"]
[TimeControl "180+1"]
[EndTime "10:04:15 PDT"]
[Termination "goldenpuppy won by resignation"]

1. e4 c6 2. d4 d5 3. Nc3 dxe4 4. Nxe4 Nd7 5. Nf3 Ngf6 6. Bd3 Nxe4 7. Bxe4 Nf6 8. Bd3 Bg4 9. c3 Qd5 10. Be2 e6 11.
Be3 Bd6 12. h3 Bh5 13. Qd2 O-O 14. c4 Qf5 15. g4 Qe4 16. gxh5 Nxh5 17. Qd3 Qxd3 18. Bxd3 g6 19. O-O-O Rfd8 20. Kb1 Rac8 21. Ne5 Ng7 22. Ng4 Be7 23. h4 h5 24. Ne5 Bf6 25. Bg5 Bxg5 26. hxg5 Rxd4 27. Kc2 Rf4 28. f3 Nf5 29.
Bxf5 Rxf5 30. Rhe1 Rxg5 31. Rd7 Rf5 32. Rxb7 Rd8 33.
Nxc6 Re8 34. Ne7+ Rxe7 35. Rxe7 Rxf3 36. c5 Rf5 37. b4 a5 38. a3 axb4 39. axb4 h4 40. c6 1-0

[Event "*** SCC Grand Prix: Titled Tuesday Blitz"]
[Site "Chess.com"]
[Date "2020.09.29"]
[Round "1"]
[White "M1711"]
[Black "Quiet_Desperation"]
[Result "0-1"]
[WhiteElo "2456"]
[BlackElo "2014"]
[TimeControl "180+1"]
[EndTime "10:04:17 PDT"]
[Termination "Quiet_Desperation won by checkmate"]

1. b4 d6 2. Bb2 e5 3. e3 Nf6 4.
Nf3 e4 5. Nd4 d5 6. a3 c6 7. c4 Bd6 8. Be2 a6 9. O-O h5 10. f4 Ng4 11. Nc3 Qh4 12. h3 Qg3 13. hxg4 hxg4 14. Bxg4 Bxg4 15. Qe1 Qh2+ 16. Kf2 Be7 17.
Nf5 Bxf5 18. Qb1 Bh4+ 19. Ke2 Bg4+ 20. Rf3 Bxf3+ 21. Kf1 Qxg2# 0-1

[Event "*** SCC Grand Prix: Titled Tuesday Blitz"]
[Site "Chess.com"]
[Date "2020.09.29"]
[Round "1"]
[White "Timurist"]
[Black "redbaron8888"]
[Result "0-1"]
[WhiteElo "2139"]
[BlackElo "2510"]
[TimeControl "180+1"]
[EndTime "10:04:29 PDT"]
[Termination "redbaron8888 won by checkmate"]

1. e4 c5 2. Nc3 d6 3. f4 Nc6 4.
Nf3 g6 5. Bb5 Bd7 6. O-O Bg7 7.
d3 a6 8. Bxc6 Bxc6 9. Qe1 Nf6 10.
f5 Qc7 11. Bf4 O-O-O 12. fxg6 hxg6 13. Ng5 Rdf8 14. e5 Nh5 15. exd6 exd6 16. Nce4 Nxf4 17. Rxf4 Be5 18. Rh4 Bxb2 19. Rb1 Bd4+ 20. Kh1 Rxh4 21. Qxh4 Rh8 22. Qg4+ f5 23. Nxd6+ Qxd6 24. Nf7 fxg4 25.
Nxd6+ Kc7 26. Nf7 Rh5 27. Re1 g3 28. Re7+ Kb6 29. h3 Rxh3# 0-1

[Event "*** SCC Grand Prix: Titled Tuesday Blitz"]
[Site "Chess.com"]
[Date "2020.09.29"]
[Round "1"]
[White "AvitalBor"]
[Black "AsaHoffmann"]
[Result "1-0"]
[WhiteElo "2786"]
[BlackElo "2399"]
[TimeControl "180+1"]
[EndTime "10:04:35 PDT"]
[Termination "AvitalBor won by checkmate"]

1. e4 d6 2. d4 c6 3. c3 Nf6 4. Bd3 e5 5. Nf3 Bg4 6. h3 Bxf3 7. Qxf3 Nbd7 8. O-O Be7 9. Nd2 O-O 10. Re1 b5 11.
Nf1 a6 12. Ng3 Re8 13. Be3 Bf8 14. Rad1 Qc7 15. Nf5 g6 16. Nh6+ Kg7 17. Bb1 Re7 18. a3 Ng8 19. Nxg8 Kxg8 20. Ba2 Kg7 21. Bg5 f6 22. Bc1 Nb6 23. Qg3 Rd8 24. Qh4 Nd7 25. dxe5 dxe5 26. Rd3 h5 27. g4 Nc5 28. Rxd8 Qxd8 29.
gxh5 g5 30. Bxg5 fxg5 31. Qxg5+ Kh8 32. Qg8# 1-0

[Event "*** SCC Grand Prix: Titled Tuesday Blitz"]
[Site "Chess.com"]
[Date "2020.09.29"]
[Round "1"]
[White "Kumi29"]
[Black "seorobert1971"]
[Result "0-1"]
[WhiteElo "2362"]
[BlackElo "2706"]
[TimeControl "180+1"]
[EndTime "10:04:41 PDT"]
[Termination "seorobert1971 won by resignation"]

1. d4 Nf6 2. Bg5 e6 3. Nd2 d5 4. e3 Be7 5. Bd3 b6 6. c3 Bb7 7. Bxf6 Bxf6 8. f4 c5 9. Ngf3 Nd7 10. Ne5 O-O 11. Qf3 cxd4 12. exd4 Be7 13. O-O-O f5 14. g4 Nxe5 15. fxe5 Qd7 16. gxf5 exf5 17. h4 Qe6 18. Nf1 Bc6 19. Ne3 f4 20. Ng2 Qh6 21. Rdf1 Rf7 22. Qg4 Raf8 23. Kb1 f3 24. Ne1 Rf4 25. Qg3 f2 26.
Ng2 Rf3 27. Bxh7+ Qxh7+ 0-1

[Event "*** SCC Grand Prix: Titled Tuesday Blitz"]
[Site "Chess.com"]
[Date "2020.09.29"]
[Round "1"]
[White "almo64"]
[Black "korkmaz16"]
[Result "1-0"]
[WhiteElo "2720"]
[BlackElo "2372"]
[TimeControl "180+1"]
[EndTime "10:04:43 PDT"]
[Termination "almo64 won by resignation"]

1. e4 e6 2. d4 d5 3. e5 c5 4.
Nf3 Nc6 5. Bd3 cxd4 6. O-O Nge7 7. Qe2 Nf5 8. Bxf5 exf5 9. Nbd2 Be6 10. Nb3 Be7 11. Nfxd4 O-O 12. f4 Nxd4 13. Nxd4 Bc5 14. Be3 Rc8 15. c3 a6 16. a4 Bxd4 17. Bxd4 Qd7 18.
a5 Rc4 19. b3 Rcc8 20. Ra4 Rc7 21. Rb4 Rfc8 22. Rb6 g6 23. h3 Rxc3 24. Bxc3 Rxc3 25. Qd2 Qc8 26. Rxb7 Rc2 27. Qb4 Kg7 28. Rb8 Qc5+ 29. Qxc5 Rxc5 30. b4 Rc4 31. Ra1 Bd7 32. Rb6 Bb5 33.
Rxb5 axb5 34. a6 Rc8 35. a7 Ra8 36. Kf2 Kf8 37. Ke3 Ke7 38. Kd4 Ke6 39. Ra6+ Kd7 40. Kxd5 Kc7 41. Rf6 Kb7 42. Rxf7+ Kb6 43. e6 1-0

[Event "*** SCC Grand Prix: Titled Tuesday Blitz"]
[Site "Chess.com"]
[Date "2020.09.29"]
[Round "1"]
[White "abykhovsky"]
[Black "kreonx"]
[Result "1-0"]
[WhiteElo "2728"]
[BlackElo "2376"]
[TimeControl "180+1"]
[EndTime "10:04:47 PDT"]
[Termination "abykhovsky won by resignation"]

1. d4 d5 2. Nf3 e6 3. c4 Nf6 4. Nc3 Be7 5. Bg5 O-O 6. e3 b6 7. Rc1 Bb7 8. Bxf6 Bxf6 9. cxd5 exd5 10. b4 c5 11. bxc5 bxc5 12. dxc5 Qa5 13. Qd2 Nd7 14. Nb5 Qxd2+ 15. Nxd2 Rfc8 16. Nb3 Be7 17. Bd3 Nxc5 18. Nxc5 Rxc5 19. Kd2 Rxc1 20. Rxc1 Bb4+ 21. Ke2 Ba5 22. Nd6 Bc8 23. Rxc8+ 1-0

[Event "*** SCC Grand Prix: Titled Tuesday Blitz"]
[Site "Chess.com"]
[Date "2020.09.29"]
[Round "1"]
[White "ErikRonka"]
[Black "annacramling"]
[Result "1-0"]
[WhiteElo "2480"]
[BlackElo "2016"]
[TimeControl "180+1"]
[EndTime "10:04:51 PDT"]
[Termination "ErikRonka won by resignation"]

1. e4 c5 2. Nf3 e6 3. d4 cxd4 4.
Nxd4 Nf6 5. Nc3 Nc6 6. Ndb5 d6 7.
Bf4 e5 8. Bg5 a6 9. Na3 b5 10.
Bxf6 gxf6 11. Nd5 f5 12. Bd3 Be6 13. c3 Bg7 14. Nxb5 axb5 15. Bxb5 Rc8 16. Qa4 Bd7 17. exf5 O-O 18. O-O Ra8 19. Qe4 Kh8 20. f6 Bxf6 21.
Bd3 1-0

[Event "*** SCC Grand Prix: Titled Tuesday Blitz"]
[Site "Chess.com"]
[Date "2020.09.29"]
[Round "1"]
[White "Justinz"]
[Black "Jospem"]
[Result "0-1"]
[WhiteElo "2447"]
[BlackElo "2966"]
[TimeControl "180+1"]
[EndTime "10:04:53 PDT"]
[Termination "Jospem won by resignation"]

1. e4 e5 2. Nf3 Nc6 3. Nc3 Nf6 4. Bb5 Bb4 5. O-O O-O 6. d3 Bxc3 7. bxc3 d6 8. Bg5 h6 9. Bh4 Bd7 10. Rb1 Rb8 11. c4 a6 12. Ba4 Ne7 13. Bxd7 Nxd7 14.
Nd2 g5 15. Bg3 Kg7 16. f3 f5 17. c3 f4 18. Bf2 h5 19. d4 Ng6 20. c5 dxc5 21.
dxc5 Nf6 22. Nc4 Qe7 23. Qe2 g4 24. Rfd1 Kh7 25. Na5 g3 26. hxg3 fxg3 27. Be3 Ng4 28. c6 Qh4 29. Kf1 Qh1+ 30. Bg1 Nh2+ 0-1

[Event "*** SCC Grand Prix: Titled Tuesday Blitz"]
[Site "Chess.com"]
[Date "2020.09.29"]
[Round "1"]
[White "SaqoChess_Twitch"]
[Black "Sychev_Klementy"]
[Result "0-1"]
[WhiteElo "2429"]
[BlackElo "2905"]
[TimeControl "180+1"]
[EndTime "10:04:53 PDT"]
[Termination "Sychev_Klementy won by resignation"]

1. d4 Nf6 2. c4 g6 3. Nc3 d5 4. Bf4 Bg7 5. e3 c5 6. Rc1 cxd4 7. exd4 O-O 8. Nf3 Nc6 9. cxd5 Nxd5 10. Nxd5 Qxd5 11.
Bc4 Qe4+ 12. Be3 Bg4 13. Be2 Rad8 14. Qc2 Qxc2 15. Rxc2 Bf5 16. Rd2 Nb4 17. a3 Nc2+ 18.
Kf1 e5 19. d5 Nxe3+ 20. fxe3 e4 21. Nh4 Be6 22. d6 g5 23. Nf3 exf3 24. Bxf3 Be5 25. Bxb7 Rxd6 26. Rxd6 Bxd6 27. b4 Rb8 28. Be4 Rc8 29.
Ke2 Rc3 30. Rd1 Bxh2 31. Rh1 Be5 32. Bxh7+ Kg7 33. Be4 Rxa3 34. Rh6 Kxh6 0-1

[Event "*** SCC Grand Prix: Titled Tuesday Blitz"]
[Site "Chess.com"]
[Date "2020.09.29"]
[Round "1"]
[White "ARTHURMOTIVATOR"]
[Black "BAS8892"]
[Result "1-0"]
[WhiteElo "2361"]
[BlackElo "2663"]
[TimeControl "180+1"]
[EndTime "10:04:56 PDT"]
[Termination "ARTHURMOTIVATOR won by resignation"]

1. e4 c5 2. b3 Nf6 3. e5 Nd5 4. Bb2 g6 5. Nf3 Bg7 6. d4 cxd4 7. Qxd4 Nc7 8. Na3 Nc6 9. Qh4 b5 10. O-O-O a6 11. Kb1 Ne6 12. Bd3 Qc7 13. Rhe1 O-O 14.
c4 b4 15. Nc2 Bb7 16. Ne3 a5 17. Nd5 Qd8 18. Ng5 Nxg5 19. Qxg5 a4 20. h4 axb3 21.
axb3 Re8 22. h5 Na5 23. hxg6 hxg6 24. Bxg6 fxg6 25. Qxg6 Bxd5 26. e6 1-0